 Dungeon Crawl Stone Soup version 0.22.1-2-g9c5b331383 (webtiles) character file.

1223 Knicklaso the Cleaver (level 8, -5/71 HPs)
             Began as a Hill Orc Monk on Dec 11, 2018.
             Was a Priest of Beogh.
             Slain by a killer bee (6 damage)
             ... on level 7 of the Dungeon.
             The game lasted 00:12:51 (6164 turns).

Knicklaso the Cleaver (Hill Orc Monk)               Turns: 6164, Time: 00:12:51

Health: -5/71      AC: 15    Str: 16      XL:     8   Next: 47%
Magic:  0/10       EV:  8    Int: 10      God:    Beogh [***...]
Gold:   402        SH:  0    Dex: 12 (13) Spells: 7/7 levels left

rFire    . . .     SeeInvis .   a - +0 hand axe
rCold    . . .     Gourm    .   (no shield)
rNeg     . . .     Faith    .   G - +0 chain mail
rPois    .         Spirit   +   j - +0 helmet
rElec    .         Reflect  .   x - +0 cloak
rCorr    .         Harm     .   b - +0 pair of gloves
MR       .....                  J - +0 pair of boots
Stlth    ..........             z - amulet of guardian spirit
HPRegen  0.21/turn              s - +2 ring of protection
MPRegen  0.12/turn              (no ring)

@: lethally poisoned (-5 -> -10)
A: no striking features
a: Smiting, Renounce Religion


You were on level 7 of the Dungeon.
You worshipped Beogh.
Beogh was most pleased with you.
You were hungry.

You visited 1 branch of the dungeon, and saw 7 of its levels.

You collected 402 gold pieces.

Inventory:

Hand Weapons
 a - a +0 hand axe (weapon)
 u - a +0 dagger of speed
Missiles
 e - 160 stones (quivered)
 h - 57 bolts
Armour
 b - a +0 pair of gloves (worn)
 j - a +0 helmet (worn)
 x - a +0 cloak (worn)
 G - a +0 chain mail (worn)
 J - a +0 pair of boots (worn)
Jewellery
 g - an uncursed amulet of harm
 m - an uncursed ring of magical power {unknown}
 s - a +2 ring of protection (left hand)
 z - an amulet of guardian spirit (around neck)
Wands
 q - a wand of random effects (28)
 v - a wand of clouds (7)
 K - a wand of disintegration (6)
 L - a wand of paralysis (17)
Scrolls
 f - 2 scrolls of teleportation
 k - 5 scrolls of identify
 l - 2 scrolls of amnesia
 n - a scroll of fear
 o - 2 scrolls of enchant weapon {unknown}
 p - a scroll of immolation {unknown}
 r - 4 scrolls of magic mapping {unknown}
 w - a scroll of blinking {unknown}
 y - a scroll of noise {unknown}
 H - 3 scrolls of enchant armour {unknown}
 I - a scroll of brand weapon {unknown}
 M - a scroll of remove curse
Potions
 i - 2 potions of might {unknown}
 t - 3 potions of haste
 A - a potion of ambrosia {unknown}
 B - a potion of heal wounds {unknown}
 C - 2 potions of cancellation
 D - 2 potions of flight {unknown}
 E - a potion of brilliance {unknown}
 F - a potion of lignification {unknown}
Comestibles
 c - 5 rations


   Skills:
 + Level 6.3 Fighting
 * Level 9.2 Axes
 + Level 3.0 Armour
 + Level 4.3 Dodging
 - Level 1.5 Stealth
 + Level 3.8 Invocations


You had 7 spell levels left.
You didn't know any spells.
Your spell library contained the following spells:

 Spells                   Type           Power        Failure   Level  Hunger
 Shock                    Conj/Air       #...         100%        1    ##.....
 Swiftness                Chrm/Air       #.......     100%        2    ###....
 Static Discharge         Conj/Air       #.......     100%        3    ####...
 Airstrike                Air            #.........   100%        4    #####..
 Lightning Bolt           Conj/Air       #.........   100%        5    ######.


Dungeon Overview and Level Annotations

Branches:
Dungeon (7/15)             Temple (0/1) D:6

Altars:
Ashenzari
Gozag
Hepliaklqana
Kikubaaqudgha
Sif Muna
Trog
Xom
Yredelemnul
Beogh

Annotations:
D:3 3 runed doors, Goodini51's ghost, amateur DDFi
D:5 1 runed door, lis82's ghost, amateur DgSk


Message History

* * * LOW HITPOINT WARNING * * *
You are poisoned.
The killer bee poisons you! The killer bee stings you.
* * * LOW HITPOINT WARNING * * *
You feel sick. The killer bee stings you.
* * * LOW HITPOINT WARNING * * *
You feel sick. The killer bee stings you.
* * * LOW HITPOINT WARNING * * *
You are lethally poisoned!
The killer bee poisons you!
It was a potion of cancellation.
Your magical effects are unravelling.
You feel magically purged.
You feel yourself slow down. The killer bee stings you.
* * * LOW HITPOINT WARNING * * *
The killer bee stings you but does no damage.
The killer bee stings you.
You die...

#...g#...#................
#...#....#................
##.#)#.#.+................
+.#.#.#.##................
#....#...#................
#.g.#....#...#............
#8hg.#..8#..##...<........
#...###'####.................
........gg.y@...#############
...........y....# ######.#.#.
................###...#.⌠.#.⌠
................##.#.#.#.#.#.
.............##.#.⌠.#.⌠.#.⌠.#
.............##.'..#.#.#.#.#.
.............##.'.#.⌠.#.⌠.#..
............##.'..#.#.#.#.#.
........####.⌠.#.⌠.#.⌠.#


You could see a gnoll shaman, 2 killer bees and a gnoll.

Vanquished Creatures
  Sigmund (D:4)
  Eustachio (D:5)
  An ogre (D:5)
  2 big kobolds (D:4)
  2 killer bees (D:7)
  A vampire bat (D:7)
  A hound (D:4)
  2 jellies (D:2)
  2 orc wizards (D:4)
  5 worker ants
  A hound skeleton (D:4)
  A worker ant zombie (D:5)
  A gnoll (D:7)
  6 adders
  3 shadow imps
  11 oozes (D:2)
  An adder skeleton (D:6)
  2 worms
  5 dart slugs
  3 leopard geckos
  18 orcs
  3 ball pythons
  4 bats
  3 bat skeletons (D:7)
  2 bat zombies (D:7)
  3 giant cockroaches
  11 goblins
  8 hobgoblins
  3 jackals (D:5)
  A frilled lizard (D:2)
  A giant cockroach zombie (D:4)
  A goblin zombie (D:4)
  22 kobolds
  A quokka zombie (D:4)
  5 rats
138 creatures vanquished.

Vanquished Creatures (others)
  8 toadstools (D:2)
8 creatures vanquished.

Grand Total: 146 creatures vanquished

Notes
Turn   | Place    | Note
-------+----------+-------------------------------------------
     0 | D:1      | Knicklaso the Hill Orc Monk began the quest for the Orb.
     0 | D:1      | Reached XP level 1. HP: 19/19 MP: 1/1
   213 | D:1      | Reached XP level 2. HP: 27/27 MP: 2/2
   624 | D:1      | Reached XP level 3. HP: 33/33 MP: 3/3
   834 | D:2      | Reached skill level 5 in Axes
   993 | D:2      | Reached XP level 4. HP: 37/40 MP: 4/4
  1023 | D:2      | Reached skill level 6 in Axes
  1023 | D:2      | Reached XP level 5. HP: 16/47 MP: 5/5
  2295 | D:3      | Found a basalt altar of Yredelemnul.
  2295 | D:3      | Found a hazy altar of Hepliaklqana.
  2354 | D:3      | Found a shimmering altar of Xom.
  2384 | D:3      | Reached XP level 6. HP: 52/55 MP: 6/6
  2808 | D:3      | Found a runed gate.
  2809 | D:3      | Found a runed gate.
  2809 | D:3      | Noticed Goodini51's ghost (amateur DDFi)
  2810 | D:3      | Found a runed gate.
  2851 | D:3      | Found a roughly hewn altar of Beogh.
  2886 | D:4      | Reached skill level 5 in Fighting
  2942 | D:4      | You fall through a shaft for 2 floors!
  2977 | D:6      | Noticed an orc warrior
  2978 | D:6      | Became a worshipper of Beogh the Brigand
  2978 | D:6      | Reached * piety under Beogh
  2978 | D:6      | Reached ** piety under Beogh
  3042 | D:5      | Entered Level 5 of the Dungeon
  3050 | D:5      | Found a runed door.
  3054 | D:5      | Noticed lis82's ghost (amateur DgSk)
  3120 | D:5      | Found a shattered altar of Ashenzari.
  3137 | D:5      | Reached skill level 7 in Axes
  3207 | D:4      | Found an opulent altar of Gozag.
  3350 | D:5      | Reached skill level 1 in Invocations
  3393 | D:4      | Reached skill level 1 in Armour
  3594 | D:4      | Noticed Sigmund
  3625 | D:3      | Reached XP level 7. HP: 31/61 MP: 6/8
  3963 | D:4      | Killed Sigmund
  4026 | D:4      | Reached skill level 8 in Axes
  4355 | D:4      | Reached XP level 8. HP: 60/70 MP: 10/10
  4516 | D:4      | Found a deep blue altar of Sif Muna.
  4905 | D:5      | Noticed Eustachio
  4970 | D:5      | Killed Eustachio
  5284 | D:5      | Found a bloodstained altar of Trog.
  5599 | D:6      | Found a staircase to the Ecumenical Temple.
  5809 | D:6      | Reached skill level 9 in Axes
  6049 | D:7      | Found an ancient bone altar of Kikubaaqudgha.
  6112 | D:7      | Reached *** piety under Beogh
  6164 | D:7      | HP: 1/71 [killer bee (4)]
  6164 | D:7      | Slain by a killer bee

Skill      XL: |  1  2  3  4  5  6  7  8 |
---------------+-------------------------+-----
Fighting       | 4 5 6 |  6.3
Axes           | 5 6 7 8 9 |  9.2
Dodging        | 3 4 |  4.3
Invocations    | 1 3 |  3.8
Armour         | 1 2 3 |  3.0
Stealth        | |  1.5

Action                   |  1- 3 |  4- 6 |  7- 9 || total
-------------------------+-------+-------+-------++-------
Melee: Hand axe          |    95 |   281 |   314 ||   690
Invok: Convert to Beogh  |       |     1 |       ||     1
  Use: Scroll            |       |     6 |       ||     6
       Potion            |       |       |     7 ||     7
 Stab: Sleeping          |     3 |     1 |       ||     4
  Eat: Chunk             |       |     8 |     2 ||    10
       Ration            |       |       |     2 ||     2
Armor: Robe              |     2 |       |       ||     2
       Ring mail         |    18 |    32 |       ||    50
       Leather armour    |     1 |       |       ||     1
       Chain mail        |       |    55 |   238 ||   293
       Scale mail        |       |    16 |       ||    16
Dodge: Dodged            |    55 |   116 |   178 ||   349
